Map: Dusk Towers

Players

Novawulfen

  • Race: Terran Terran

Silorn - Winner!

  • Race: Zerg Zerg

VOD

Have the link to the VOD?

Description

Time

  • Played on: Nov. 14, 2015, 6:12 p.m.
  • Length: 9:09
Show
View Real Time Build Order
Export as new Build Order

Novawulfen Terran 

Build Orders: 1/1/1 

Get SALT Encoding   

  12  0:01  SCV  
  13  0:13  SCV  
  14  0:20  Supply Depot  
  14  0:25  SCV  
  15  0:30  Refinery  
  15  0:41  SCV  
  16  0:46  Barracks  
  16  0:53  SCV  
  17  1:06  SCV  
  18  1:18  SCV  
  19  1:30  SCV  
  20  1:34  Supply Depot  
  20  1:38  Factory, Marine  
  21  1:42  Orbital Command  
  21  2:00  Marine  
  22  2:08  SCV  
  23  2:18  Command Center, Marine  
  23  2:21  SCV  
  25  2:29  Starport  
  25  2:31  Widow Mine  
  25  2:35  SCV  
  28  2:37  Marine  
  29  2:47  SCV, Refinery  
  30  2:51  Supply Depot  
  30  2:56  Barracks Reactor  
  30  2:59  SCV  
  31  3:12  Widow Mine  
  31  3:13  SCV  
  34  3:20  Medivac  
  34  3:25  Supply Depot  
  36  3:28  SCV, Supply Depot  
  37  3:39  Barracks  
  37  3:40  SCV  
  38  3:42  Orbital Command  
  38  3:47  Marine  
  38  3:48  Marine  
  40  3:51  Widow Mine  
  42  4:09  Marine x2  
  43  4:17  Medivac  
  46  4:28  SCV x2  
  48  4:56  SCV x2  
  48  4:57  Marine x2  
  48  5:01  Factory Reactor, Starport Reactor  
  48  5:02  Barracks Tech Lab  
  46  5:14  SCV  
  46  5:15  SCV, Marine x2  
  50  5:25  Barracks  
  46  5:30  Barracks  
  46  5:31  Supply Depot, Barracks  
  46  5:34  SCV x2, Supply Depot  
  46  5:35  Supply Depot, Marine x2  
  50  5:37  Stimpack  
  50  5:48  SCV x2  
  50  5:49  Marine  
  53  5:51  Hellion  
  53  5:52  Hellion  
  53  5:54  Marine  
  53  5:55  Marine  
  59  6:00  SCV  
  60  6:05  SCV  
  60  6:08  Supply Depot  
  61  6:12  SCV  
  61  6:13  Supply Depot  
  61  6:14  Marine  
  61  6:17  SCV, Marine  
  66  6:18  Barracks Reactor  
  66  6:19  Barracks Tech Lab  
  66  6:22  Barracks Reactor  
  66  6:24  SCV, Marauder  
  66  6:25  Hellion  
  70  6:30  Hellion  
  70  6:32  SCV, Marine  
  74  6:37  SCV, Medivac x2  
  79  6:45  Marauder  
  81  6:47  SCV  
  81  6:49  SCV  
  81  6:53  Marauder, Marine x2  
  87  6:56  Marine  
  87  6:57  Marine  
  87  6:58  Hellion  
  87  6:59  Hellion, Marine x2  
  95  7:02  Supply Depot  
  95  7:04  Supply Depot  
  95  7:11  SCV x2, Marine  
  95  7:12  Armory  
  95  7:14  Marine x2  
  95  7:15  Marine  
  101  7:16  Marauder x2  
  105  7:23  SCV  
  105  7:24  SCV  
  105  7:28  Engineering Bay  
  107  7:31  Supply Depot  
  90  7:57  Marine x2  
  90  7:58  Marine x4, Marauder x2  
  99  8:00  Hellion x2  
  104  8:11  SCV x2  
  106  8:12  Command Center  
  106  8:13  Command Center, Supply Depot  
  106  8:15  Supply Depot, Marine  
  92  8:42  Marine x3  
  92  8:43  Marine x3, Marauder x2  
  92  8:47  Hellbat x2  
Show
View Real Time Build Order
Export as new Build Order

Silorn Zerg - Winner!

Build Orders: Pool First, Muta Ling Bane 

Get SALT Encoding   

  12  0:01  Drone  
  13  0:12  Drone  
  14  0:17  Overlord  
  14  0:28  Drone, Extractor  
  14  0:37  Drone  
  15  0:45  Spawning Pool  
  15  0:49  Drone  
  15  1:07  Drone x3  
  18  1:18  Drone  
  19  1:32  Overlord  
  19  1:34  Queen  
  19  1:39  Metabolic Boost  
  21  1:43  Drone  
  22  1:59  Hatchery  
  21  2:01  Drone  
  21  2:04  Drone  
  23  2:12  Queen  
  25  2:34  Hatchery  
  25  2:36  Drone x2  
  26  2:39  Drone  
  26  2:43  Drone  
  28  2:45  Drone  
  28  2:50  Overlord  
  29  2:57  Drone  
  30  3:07  Overlord  
  30  3:10  Drone  
  31  3:16  Drone  
  31  3:17  Drone x2, Extractor  
  33  3:21  Zergling x2  
  33  3:22  Zergling x2  
  33  3:24  Zergling x2  
  36  3:32  Zergling x2  
  37  3:35  Drone  
  38  3:42  Evolution Chamber  
  38  3:43  Evolution Chamber  
  38  3:45  Drone x4  
  40  3:51  Queen  
  40  3:54  Drone  
  44  3:55  Drone  
  44  4:02  Drone x2  
  46  4:03  Drone  
  46  4:05  Drone  
  46  4:08  Drone  
  49  4:13  Drone x3  
  52  4:18  Zerg Missile Weapons Level 1  
  52  4:26  Zerg Ground Armor Level 1, Extractor x2  
  46  4:37  Zergling x2  
  46  4:38  Zergling x14  
  54  4:45  Zergling x4  
  53  4:59  Spore Crawler  
  52  5:00  Spore Crawler  
  52  5:03  Drone x2, Spore Crawler  
  52  5:04  Drone x6  
  57  5:16  Drone  
  58  5:28  Overlord  
  58  5:29  Overlord  
  58  5:30  Overlord  
  58  5:31  Overlord  
  58  5:32  Overlord  
  58  5:33  Overlord  
  58  5:35  Pneumatized Carapace  
  58  5:47  Drone  
  58  5:48  Drone x6  
  58  5:49  Drone x5  
  70  5:50  Drone x2  
  70  5:56  Lair  
  72  6:06  Spore Crawler  
  72  6:07  Roach Warren, Extractor x2  
  68  6:13  Drone x2  
  68  6:14  Zergling x2  
  68  6:15  Zergling x8  
  75  6:20  Baneling Nest  
  74  6:33  Hatchery, Zerg Melee Weapons Level 1  
  73  6:48  Zergling x10  
  73  6:49  Zergling x6  
  81  7:03  Drone  
  81  7:04  Centrifical Hooks  
  81  7:05  Spire  
  81  7:06  Zergling x10  
  81  7:07  Zergling x2  
  87  7:11  Overseer  
  87  7:15  Zergling x6  
  90  7:23  Drone x6  
  90  7:24  Drone x2  
  90  7:25  Drone  
  90  7:26  Drone  
  99  7:37  Baneling x10  
  97  7:39  Zergling x2  
  95  7:49  Drone  
  95  7:50  Drone x9  
  105  8:05  Queen  
  107  8:09  Overlord x4  
  107  8:10  Overlord x2  
  107  8:19  Mutalisk x2  
  109  8:27  Mutalisk x6  
  111  8:28  Mutalisk  
  111  8:30  Extractor  
  111  8:31  Mutalisk  
  111  8:32  Overseer  
  111  8:33  Extractor  
  119  8:41  Mutalisk  
  119  8:44  Zergling x2  
  119  8:45  Zergling x18  
  129  8:49  Zergling x2  
Tags
 
Add a new tag
Caveats
  • Supply blocks, unpowered buildings, or Contaminate may cause inaccurate times.
  • Supply counts are checked every 10 seconds.